 Dungeon Crawl Stone Soup version 0.30.0-30-g96aa6591b8 (webtiles) character file.

Game seed: 16763810474243070066

19 Darius the Gusty (level 2, -7/20 HPs)
             Began as a Hill Orc Air Elementalist on July 1, 2023.
             Mangled by a gnoll
             ... wielding a +0 halberd
              (12 damage)
             ... on level 2 of the Dungeon.
             The game lasted 00:01:52 (349 turns).

Darius the Gusty (Hill Orc Air Elementalist)         Turns: 349, Time: 00:01:53

Health: -7/20      AC:  2    Str: 10    XL:     2   Next: 75%
Magic:  1/5        EV: 12    Int: 15    God:
Gold:   24         SH:  0    Dex: 11    Spells: 2/5 levels left

rFire   . . .        (no weapon)
rCold   . . .        (no shield)
rNeg    . . .        a - +0 robe
rPois   .            (no helmet)
rElec   .            (no cloak)
rCorr   .            (no gloves)
SInv    .            (no boots)
Will    .....        (no amulet)
Stlth   ++           (no ring)
HPRegen 0.23/turn    (no ring)
MPRegen 0.09/turn

%: no passive effects
@: no status effects
A: no striking features
a: no special abilities


You were on level 2 of the Dungeon.
You visited 1 branch of the dungeon, and saw 2 of its levels.

You collected 24 gold pieces.

Inventory:

Armour
 a - a +0 robe (worn)


   Skills:
 * Level 0.3 Fighting
 * Level 0.1 Armour
 * Level 1.6 Dodging
 * Level 1.6 Stealth
 * Level 2.1 Spellcasting
 * Level 1.0 Conjurations
 * Level 2.6 Air Magic


You had 2 spell levels left.
You knew the following spells:

 Your Spells              Type           Power      Damage    Failure   Level
a - Shock                 Conj/Air       28%        1d4       11%         1
b - Static Discharge      Conj/Air       14%        2-3/arc   16%         2

Your spell library contained the following spells:

 Spells                   Type           Power      Damage    Failure   Level
 Swiftness                Air            9%         N/A       22%         3
 Airstrike                Air            4%         2d(1-17)  58%         4


Dungeon Overview and Level Annotations

Branches:
Dungeon (2/15)

Altars:


Message History

The zap hits the gnoll.
The gnoll is lightly wounded.
Your Spellcasting skill increases to level 2!
You see here a ball python corpse.
Casting: Shock (safe; 11% risk of failure)
Confirm with . or Enter, or press ? or * to list all spells.
Aiming: Shock (safe; 11% risk of failure)
Press: ? - help, Shift-Dir - straight line, f - gnoll
Aim: a gnoll, wielding a +0 halberd and wearing a +5 ring of evasion (lightly wounded, 52% to hit)
The zap hits the gnoll.
The gnoll is lightly wounded.
The gnoll misses you. The gnoll misses you.
Found a cloak.
Found a blue potion.
You see here a +0 cloak.
You see here a blue potion.
Found 17 gold pieces.
The gnoll hits you from afar with a +0 halberd!
Ouch! That really hurt!
You see here 17 gold pieces.
You now have 24 gold pieces (gained 17).
The gnoll hits you from afar with a +0 halberd.
* * * LOW HITPOINT WARNING * * *
Found a long sword.
Found a dagger.
The gnoll barely misses you. The gnoll barely misses you.
Casting: Static Discharge (safe; 16% risk of failure)
Press: ? - help, Q - select action, (/) - cycle Dir - look around, f - activate The gnoll is struck by an arc of lightning.
The gnoll is moderately wounded.
You are struck by an arc of lightning.
* * * LOW HITPOINT WARNING * * *
The gnoll is struck by an arc of lightning.
The gnoll is heavily wounded.
The lightning grounds out.
The gnoll hits you with a +0 halberd!
Ouch! That really hurt!
You die...

#.# #.# #
#.# #.#.##
#....#######
#..........#
##...#####.#
##.######g#
#......)@#
#######..#
#..# #..#
#..# #..#
#..# #..#
.).#


You could see a gnoll.

Vanquished Creatures
  A gnoll (D:2)
  A dart slug (D:1)
  An endoplasm (D:1)
  A giant cockroach (D:2)
  A goblin (D:1)
  A ball python (D:2)
  A frilled lizard (D:1)
  A rat (D:1)
8 creatures vanquished.

Notes
Turn   | Place    | Note
-------+----------+-------------------------------------------
     0 | D:1      | Darius the Hill Orc Air Elementalist began the quest for
                  | the Orb.
     0 | D:1      | Reached XP level 1. HP: 14/14 MP: 3/3
   142 | D:1      | Reached XP level 2. HP: 20/20 MP: 1/4
   145 | D:1      | Learned a level 2 spell: Static Discharge
   349 | D:2      | Mangled by a gnoll

Illustrated notes

Levels and vault maps discovered:
D:1:      dpeg_arrival_lava_temple_mockup, layout_basic,
          hellmonk_ecumenical_altar_arch_garden
D:2:      layout_loops_ring, guppyfry_early_lair_pool

Skill      XL: |  1  2 |
---------------+-------+-----
Spellcasting   | 2 |  2.1
Fighting       | |  0.3
Armour         | |  0.1
Dodging        | |  1.6
Stealth        | |  1.6
Conjurations   | |  1.0
Air Magic      | |  2.6

Action                     || total
---------------------------++-------
  Melee: Unarmed           ||     2
   Cast: Shock             ||    15
         Static Discharge  ||     6
    Use: Potion            ||     2
  Dodge: Dodged            ||    11
